 Dungeon Crawl Stone Soup version 0.27-b1-23-g44b8eac545 (webtiles) character file.

Game seed: 15591204900322457067

7249 oldmanjim the Grappler (level 10, -1/102 HPs)
             Began as a Troll Monk on July 27, 2021.
             Was a High Priest of Okawaru.
             Slain by an orc warrior (3 damage)
             ... on level 9 of the Dungeon.
             The game lasted 00:53:50 (7588 turns).

oldmanjim the Grappler (Troll Monk)                 Turns: 7588, Time: 00:53:51

Health: -1/102     AC:  6    Str: 21    XL:     10   Next: 88%
Magic:  13/13      EV: 11    Int:  9    God:    Okawaru [*****.]
Gold:   503        SH:  0    Dex: 12    Spells: 9/9 levels left

rFire    + . .     SeeInvis .     - Unarmed
rCold    . . .     Faith    .   (no shield)
rNeg     . . .     Spirit   .   N - +2 robe {rF+}
rPois    +         Reflect  .   (helmet restricted)
rElec    .         Harm     .   s - scarf {+Inv}
rCorr    .         Rampage  .   (gloves unavailable)
Will     +....                  (boots unavailable)
Stlth    +.........             j - amulet of magic regeneration
HPRegen  1.27/turn              r - ring of willpower
MPRegen  0.38/turn              L - ring of poison resistance

@: silenced
A: large, unfitting armour, claws 3, regeneration 1, shaggy fur 1, tough skin 1
a: Renounce Religion, Evoke Invisibility


You were on level 9 of the Dungeon.
You worshipped Okawaru.
Okawaru was extremely pleased with you.
You visited 2 branches of the dungeon, and saw 10 of its levels.

You collected 503 gold pieces.

Inventory:

Hand Weapons
 i - a +3 whip of pain
 w - a +1 hunting sling of flaming
Missiles
 v - 2 poisoned darts (quivered)
 O - 5 javelins
Armour
 a - a +1 robe
 s - a scarf of invisibility (worn)
 N - a +2 robe of fire resistance (worn)
Magical Staves
 c - a staff of poison
 p - a staff of death
Jewellery
 j - an amulet of magic regeneration (around neck)
 k - an amulet of reflection
 m - a ring of fire
 r - a ring of willpower (left claw)
 H - a ring of protection from cold
 I - a ring of protection from cold
 L - a ring of poison resistance (right claw)
Wands
 u - a wand of paralysis (7)
 y - a wand of digging (1)
 C - a wand of acid (9)
 E - a wand of iceblast (4)
 F - a wand of flame (24)
Scrolls
 e - a scroll of holy word {unknown}
 f - 4 scrolls of magic mapping {unknown}
 h - 2 scrolls of enchant weapon
 l - a scroll of enchant armour
 n - 2 scrolls of teleportation
 t - a scroll of fear
 B - 2 scrolls of noise
 J - 2 scrolls of blinking {unknown}
 M - 2 scrolls of identify
Potions
 d - 2 potions of flight
 g - 4 potions of haste
 o - 2 potions of attraction {unknown}
 q - 3 potions of mutation
 x - a potion of cancellation {unknown}
 z - a potion of curing
 A - a potion of lignification {unknown}
 D - a potion of ambrosia {unknown}
 G - a potion of resistance {unknown}
 K - a potion of heal wounds {unknown}


   Skills:
 - Level 7.0 Fighting
 - Level 4.0 Dodging
 - Level 1.0 Stealth
 + Level 11.2 Unarmed Combat
 - Level 6.0 Invocations
 - Level 5.0 Evocations


You had 9 spell levels left.
You didn't know any spells.
Your spell library contained the following spells:

 Spells                   Type           Power      Damage    Failure   Level
 Inner Flame              Hex/Fire       0%         N/A       77%         3
 Airstrike                Air            0%         N/A       99%         4
 Cause Fear               Hex            0%         N/A       99%         4
 Fulminant Prism          Conj/Hex       0%         3d6       99%         4
 Iskenderun's Mystic Bla  Conj/Tloc      0%         2d3       99%         4
 Summon Lightning Spire   Summ/Air       0%         N/A       99%         4
 Lee's Rapid Deconstruct  Erth           0%         3d5*      100%        5
 Lightning Bolt           Conj/Air       0%         1d11      100%        5
 Storm Form               Tmut/Air       0%         N/A       100%        7
 Discord                  Hex            0%         N/A       100%        8
 Maxwell's Capacitive Co  Air            0%         ∞         100%        8


Dungeon Overview and Level Annotations

Branches:
Dungeon (9/15)             Temple (1/1) D:5             Orc (0/2) D:9
   Lair: D:8-11

Altars:
Ashenzari
Cheibriados
Dithmenos
Elyvilon
Fedhas
Gozag
Hepliaklqana
Kikubaaqudgha
Makhleb
Nemelex Xobeh
Okawaru
Qazlal
Ru
Sif Muna
Trog
Uskayaw
Vehumet
Wu Jian
Xom
Yredelemnul
Zin
The Shining One
Beogh

Shops:
D:3 *

Annotations:
D:9 Harold


Innate Abilities, Weirdness & Mutations

You are too large for most types of armour.
You have claws for hands.
Your natural rate of healing is unusually fast.
You are covered in fur. (AC +1)
You have tough skin. (AC +1)


Message History

The orc hits you but does no damage.
You claw the orc!
You kill the orc!
Okawaru accepts your kill.
You are too injured to fight recklessly!
You are too injured to fight recklessly!
You are too injured to fight recklessly!
You are too injured to fight recklessly!
You closely miss the orc. The orc barely misses you.
You claw the orc!
You kill the orc!
Okawaru accepts your kill. The orc hits you with a +0 club.
The orc warrior hits you from afar with a +0 halberd!
Things that are here:
a +0 club; a +0 mace; an orc corpse You scratch the orc.
The orc is moderately wounded.
The orc misses you.
The orc warrior hits you from afar with a +0 halberd!
* * * LOW HITPOINT WARNING * * *
You mangle the orc!!
You kill the orc!
Okawaru accepts your kill.
The orc priest hits you with a +0 dagger.
* * * LOW HITPOINT WARNING * * *
The orc warrior hits you from afar with a +0 halberd!!
* * * LOW HITPOINT WARNING * * *
You closely miss the orc priest. You closely miss the orc priest.
You claw the orc priest.
The orc priest is moderately wounded.
The orc priest barely misses you.
The orc warrior hits you from afar with a +0 halberd.
* * * LOW HITPOINT WARNING * * *
Unknown command.
Unknown command.
As you read the scroll of silence, it crumbles to dust.
A profound silence engulfs you.
The orc warrior hits you from afar with a +0 halberd.
You die...

#........# #...####
#........############
#............#.....#
#............#.....#
#............#.o_..#
#..#####.....#o.o.. ..
#.....#.ooo
#..#####o....###'### ...
#......@oo...#8...8#....
#..######oo..).......#
#..###..>..###
#####..###o....##
........o.)o........
........oo....######
############..# #.....
.......


You could see an orc warrior, 2 orc priests and 2 orcs.

Vanquished Creatures
  A two-headed ogre (D:8)
  Pikel (D:6)
  A komodo dragon (D:7)
  Grinder (D:3)
  A hornet (D:8)
  A troll (D:9)
  Prince Ribbit (D:6)
  Sigmund (D:6)
  4 wyverns
  3 yaks (D:9)
  3 steam dragons
  4 water moccasins
  An acid dragon (D:9)
  3 orc warriors
  2 ice beasts
  4 centaurs
  2 kobold brigands
  7 bullfrogs
  6 scorpions
  A wight (D:8)
  2 howler monkeys
  A bullfrog zombie (D:7)
  3 centaur zombies
  A hound (D:7)
  A gnoll shaman (D:5)
  3 orc priests
  2 bullfrog skeletons (D:5)
  A centaur skeleton (D:5)
  A scorpion zombie (D:5)
  Terence (D:2)
  Natasha (thrice) (D:3)
  3 iguanas
  5 orc wizards
  A killer bee zombie (D:7)
  2 howler monkey zombies
  Robin (D:3)
  9 adders
  14 gnolls
  A howler monkey skeleton (D:4)
  3 river rats (D:5)
  2 shadow imps
  A white imp (D:7)
  An ufetubus (D:5)
  An adder zombie (D:5)
  A worm (D:2)
  A dart slug (D:3)
  35 orcs
  8 ball pythons
  3 endoplasms
  4 giant cockroaches
  9 goblins
  9 hobgoblins
  9 kobolds
  5 quokkas
  6 bats
  4 frilled lizards
  A rat (D:2)
206 creatures vanquished.

Vanquished Creatures (others)
  An orc (D:8)
  45 fungi
  32 plants
78 creatures vanquished.

Grand Total: 284 creatures vanquished

Notes
Turn   | Place    | Note
-------+----------+-------------------------------------------
     0 | D:1      | oldmanjim the Troll Monk began the quest for the Orb.
     0 | D:1      | Reached XP level 1. HP: 22/22 MP: 0/0
   160 | D:1      | Found a faded altar of an unknown god.
   197 | D:1      | Reached XP level 2. HP: 26/29 MP: 1/1
   815 | D:2      | Noticed Terence
   823 | D:2      | Killed Terence
   824 | D:2      | Reached XP level 3. HP: 17/37 MP: 2/2
   992 | D:2      | Reached skill level 4 in Unarmed Combat
  1311 | D:3      | Noticed Natasha
  1328 | D:3      | Reached XP level 4. HP: 38/45 MP: 3/3
  1366 | D:3      | Killed Natasha
  1486 | D:3      | Reached XP level 5. HP: 31/54 MP: 4/4
  1661 | D:3      | Reached skill level 5 in Unarmed Combat
  1717 | D:3      | Noticed Robin
  1744 | D:3      | Killed Robin
  1746 | D:3      | Noticed Grinder
  1768 | D:3      | Killed Grinder
  1769 | D:3      | Reached XP level 6. HP: 41/65 MP: 5/5
  1797 | D:3      | Noticed Natasha
  1799 | D:3      | Found Hykhlug's Assorted Antiques.
  1802 | D:3      | Killed Natasha
  1915 | D:3      | Reached skill level 6 in Unarmed Combat
  1915 | D:3      | Noticed Natasha
  1924 | D:3      | Killed Natasha
  1925 | D:3      | Reached skill level 5 in Fighting
  1925 | D:3      | Reached XP level 7. HP: 72/72 MP: 6/6
  1956 | D:3      | Found a white marble altar of Elyvilon.
  1970 | D:3      | Noticed a steam dragon
  1977 | D:3      | Killed a steam dragon
  2685 | D:5      | Entered Level 5 of the Dungeon
  2707 | D:5      | Found a stormy altar of Qazlal.
  2710 | D:5      | Noticed an air elemental
  2710 | D:5      | Noticed a water elemental
  2710 | D:5      | Noticed a fire elemental
  2791 | D:5      | Found an opulent altar of Gozag.
  3033 | D:5      | Reached skill level 7 in Unarmed Combat
  3033 | D:5      | Reached skill level 1 in Evocations
  3138 | D:5      | Found a staircase to the Ecumenical Temple.
  3144 | Temple   | Entered the Ecumenical Temple
  3205 | Temple   | Became a worshipper of Warmaster Okawaru
  3205 | Temple   | Reached * piety under Okawaru
  3205 | Temple   | Reached ** piety under Okawaru
  3233 | D:5      | Found a glowing silver altar of Zin.
  3307 | D:5      | Reached XP level 8. HP: 75/83 MP: 7/7
  3856 | D:5      | Upgraded the game from 0.27-b1-16-g6517624069 to
                  | 0.27-b1-23-g44b8eac545
  3884 | D:6      | Noticed Sigmund
  4220 | D:6      | Killed Sigmund
  4296 | D:6      | Reached *** piety under Okawaru
  4364 | D:6      | Reached skill level 8 in Unarmed Combat
  4533 | D:6      | Reached skill level 1 in Invocations
  4552 | D:6      | Reached XP level 9. HP: 91/92 MP: 8/8
  4620 | D:6      | Noticed Pikel
  4634 | D:6      | Killed Pikel
  4829 | D:6      | Found the +7 Singing Sword {vorpal, sonic wave}
  4932 | D:6      | Found a sparkling altar of Nemelex Xobeh.
  5025 | D:6      | Noticed Prince Ribbit
  5042 | D:6      | Killed Prince Ribbit
  5343 | D:7      | Reached **** piety under Okawaru
  5344 | D:7      | Reached skill level 9 in Unarmed Combat
  5490 | D:7      | Found a sacrificial altar of Ru.
  5490 | D:7      | Found a shadowy altar of Dithmenos.
  5760 | D:7      | Noticed a komodo dragon
  5768 | D:7      | Killed a komodo dragon
  5893 | D:7      | Found a bloodstained altar of Trog.
  6191 | D:8      | Reached skill level 5 in Invocations
  6191 | D:8      | Reached XP level 10. HP: 102/102 MP: 12/12
  6209 | D:8      | Paralysed by a hornet for 2 turns
  6216 | D:8      | Found a snail-covered altar of Cheibriados.
  6324 | D:8      | Paralysed by a hornet for 3 turns
  6506 | D:8      | Reached skill level 10 in Unarmed Combat
  6521 | D:8      | Noticed a two-headed ogre
  6527 | D:8      | Reached ***** piety under Okawaru
  6537 | D:8      | Killed a two-headed ogre
  6537 | D:8      | Received a gift from Okawaru
  7061 | D:9      | Found a hide-covered altar of Uskayaw.
  7100 | D:9      | Found a broken altar of Ashenzari.
  7102 | D:9      | Noticed Harold
  7114 | D:9      | Identified the ring of Gluttony {Fly rC- Str+10 Int-5 SInv}
  7154 | D:9      | Reached skill level 5 in Evocations
  7331 | D:9      | Found a burning altar of Makhleb.
  7391 | D:9      | Reached skill level 11 in Unarmed Combat
  7497 | D:9      | Found a staircase to the Orcish Mines.
  7585 | D:9      | HP: 3/102 [orc warrior (22)]
  7587 | D:9      | HP: 1/102 [orc warrior (4)]
  7588 | D:9      | Slain by an orc warrior

Illustrated notes

Levels and vault maps discovered:
D:1:      nzn_arrival_settlement, layout_basic, serial_curves, eino_curves_04,
          eino_curves_03, basic_ecumenical_altar
D:2:      layout_loops_ring, serial_shops, shop, minmay_3d_cube, uniq_terence
D:3:      layout_basic, mainiacjoe_overflow_paths, serial_shops, shop,
          minmay_shallow_snake_nest, uniq_robin, uniq_natasha, uniq_grinder
D:4:      layout_cave_pools
D:5:      wad_woods_settlement, layout_basic, nicolae_qazlal_style_of_elements,
          pdpol_temple_overflow_zin_treasury_gozag_greed,
          minmay_temple_entry_enclosed_plants
D:6:      old_forge, layout_cave_pods, nemelex_spade_bored_becter,
          uniq_prince_ribbit1, uniq_sigmund, uniq_pikel
D:7:      layout_basic, gammafunk_temple_overflow_wave,
          mainiacjoe_overflow_surrounded_room
D:8:      layout_loops_ring, mainiacjoe_overflow_concentric_impassable,
          serial_glass, glass_columns_b, glass_columns_a,
          chequers_serial_rivers_micro_e, minmay_joined_circles
D:9:      layout_long_grid, nicolae_overflow_hidden_temple,
          nicolae_ashenzari_panopticon, bloody_makhleb,
          due_lair_maze_entry_diamond, minmay_orc_entry_temple_small,
          uniq_gastronok, uniq_harold
Temple:   zaba_magenta_temple

Skill      XL: |  1  2  3  4  5  6  7  8  9 10 |
---------------+-------------------------------+-----
Fighting       | 3 4 5 6 7 |  7.0
Unarmed Combat | 4 5 6 7 8 9 11 | 11.2
Evocations     | 1 3 4 5 |  5.0
Invocations    | 1 5 6 |  6.0
Dodging        | 4 |  4.0
Stealth        | |  1.0

Action                   |  1- 3 |  4- 6 |  7- 9 | 10-12 || total
-------------------------+-------+-------+-------+-------++-------
Melee: Unarmed           |    58 |   118 |   322 |   152 ||   650
       Punch             |       |     1 |    12 |     5 ||    18
Throw: Dart              |       |       |       |    14 ||    14
Invok: Heroism           |       |       |       |     1 ||     1
  Use: Scroll            |       |       |    10 |     3 ||    13
       Potion            |       |       |       |     1 ||     1
 Stab: Sleeping          |     3 |       |     8 |       ||    11
Armor: Robe              |    12 |    26 |    85 |    37 ||   160
Dodge: Dodged            |    22 |    47 |   149 |    92 ||   310
